 Dungeon Crawl Stone Soup version 0.28.0-49-g6dfe1f597d (webtiles) character file.

Game seed: 5257198915509959826

22 Exodus22XD the Skirmisher (level 2, 27/27 HPs)
             Began as a Minotaur Fighter on May 14, 2022.
             Was a Follower of Vehumet.
             Quit the game on level 1 of the Dungeon.
             The game lasted 00:00:34 (418 turns).

Exodus22XD the Skirmisher (Minotaur Fighter)         Turns: 418, Time: 00:00:34

Health: 27/27      AC:  7    Str: 20    XL:     2   Next: 68%
Magic:  1/1        EV:  9    Int:  5    God:    Vehumet [*.....]
Gold:   26         SH:  4    Dex:  9    Spells: 1/1 levels left

rFire   . . .      SeeInvis .   a - +0 war axe
rCold   . . .      Faith    .   c - +0 buckler
rNeg    . . .      Spirit   +   b - +0 scale mail
rPois   .          Reflect  .   (helmet restricted)
rElec   .          Harm     .   (no cloak)
rCorr   .          Rampage  .   (no gloves)
Will    .....                   (no boots)
Stlth   ..........              g - amulet of guardian spirit
HPRegen 0.09/turn               (no ring)
MPRegen 0.07/turn               (no ring)

@: no status effects
A: horns 2, retaliatory headbutt
a: Renounce Religion


You were on level 1 of the Dungeon.
You worshipped Vehumet.
Vehumet was aware of your devotion.
You visited 1 branch of the dungeon, and saw 1 of its levels.

You collected 26 gold pieces.

Inventory:

Hand Weapons
 a - a +0 war axe (weapon)
Armour
 b - a +0 scale mail (worn)
 c - a +0 buckler (worn)
Jewellery
 g - an amulet of guardian spirit (around neck)
Scrolls
 f - a scroll of amnesia {unknown}
 h - a scroll of magic mapping {unknown}
Potions
 d - a potion of might
 e - a potion of lignification {unknown}


   Skills:
 + Level 4.1 Fighting
 + Level 2.6 Axes
 + Level 4.0 Armour
 + Level 4.0 Shields


You had one spell level left.
You didn't know any spells.
Your spell library was empty.

Dungeon Overview and Level Annotations

Branches:
Dungeon (1/15)

Altars:
Vehumet


Innate Abilities, Weirdness & Mutations

You have a pair of horns on your head.
You reflexively headbutt those who attack you in melee.


Message History

The ball python constricts you.
Your Shields skill increases to level 4!
A ball python is nearby!
You hit the ball python.
The ball python is severely wounded.
The ball python bites you but does no damage.
The ball python constricts you. The ball python closely misses you.
The ball python constricts you.
A ball python is nearby!
You hit the ball python.
You kill the ball python!
Magic restored.
Key pressed, stopping explore.
No target in view!
Found a stone staircase leading down.
No target in view!
A rat comes into view.
There is a stone staircase leading down here.
A rat is nearby!
A rat is nearby!
The rat bites you but does no damage.
A rat is nearby!
You hit the rat.
You kill the rat!
Key pressed, stopping explore.
No target in view!
You open the door.
Found a faded altar of an unknown god.
There is an open door here.
No target in view!
There is a faded altar of an unknown god here.
Key pressed, stopping explore.
No target in view!
No target in view!
You cannot tell which god this altar belongs to.
Convert to them anyway?
Vehumet accepts your prayer! Vehumet welcomes you!
You can now gain magical power from killing.
Vehumet offers you knowledge of Sandblast.
Are you sure you want to abandon this character and quit the game? (Confirm with "yes".)

.≈≈≈≈≈≈≈......##.#.............#.
.≈.....≈..>#.###'####........###.
.......≈.....#...P.#.(..#########
≈≈≈≈≈..≈...###...P.###### #..
....≈..≈...###.....# #..
.≈<....≈....##.....# #..
.≈≈≈≈≈≈≈.#..###...## ####..
.........##..###.## ......
....≈...###.## #@# ##### ###..
≈≈≈≈≈.#...#..# #P# #...# #..
......###....#


P.P #...# ##.. ...#### ###.##PPPPP#...# #... ...## #..#PPPPP#.>.# ##.## ....#
####PPP.P#...# #..# ....# #PPP.P#...# #.### ....# ###+###...######....
....######## #. #.........#)... There were no monsters in sight!

Vanquished Creatures
  2 giant cockroaches (D:1)
  3 goblins (D:1)
  3 hobgoblins (D:1)
  2 kobolds (D:1)
  2 quokkas (D:1)
  2 ball pythons (D:1)
  A bat (D:1)
  2 frilled lizards (D:1)
  3 rats (D:1)
20 creatures vanquished.

Notes
Turn   | Place    | Note
-------+----------+-------------------------------------------
     0 | D:1      | Exodus22XD the Minotaur Fighter began the quest for the
                  | Orb.
     0 | D:1      | Reached XP level 1. HP: 19/19 MP: 0/0
   121 | D:1      | Reached XP level 2. HP: 27/27 MP: 1/1
   409 | D:1      | Found a faded altar of an unknown god.
   417 | D:1      | Prayed at the altar of an unknown god.
   417 | D:1      | Became a worshipper of Vehumet
   417 | D:1      | Reached * piety under Vehumet
   417 | D:1      | Offered knowledge of Sandblast by Vehumet.
   418 | D:1      | Quit the game

Illustrated notes

Levels and vault maps discovered:
D:1:      ebering_hopf_link, layout_rooms, shapermc_ecumenical_altar_flowoftime

Skill      XL: |  1  2 |
---------------+-------+-----
Fighting       | 4 |  4.1
Armour         | 4 |  4.0
Shields        | 4 |  4.0
Axes           | |  2.6

Action                   || total
-------------------------++-------
Melee: War axe           ||    42
       Headbutt          ||     2
Armor: Scale mail        ||    18
Dodge: Dodged            ||    20
Block: Buckler           ||    10
